AoeStats
← Rodrigo Lao Tse

Arabia

507168793Analyzed
1v1 RM · 16d ago on Sep 16, 2026· 51m 30s· 2 players
Game mode
Random Map
Map size
Tiny (2 player)
Population
200
Speed
Normal
Resources
Standard
Victory
Conquest
Starting age
Dark Age
Ending age
Imperial Age
RankedLock teamsTeams togetherTeam positionsShared explorationLock speedFull tech treeHidden civsTurbo modeCheats
Victory
Defeat
🇨🇱 Britons · Chile
864
+40
🇨🇳 Vikings · China
855
-16
精锐442
11:36 Feudal Age
9:54 Loom
19:42 Castle Age
18:24 Fletching
20:23 Bodkin Arrow
20:55 Double-Bit Axe
20:53 Crossbowman
22:30 Bow Saw
22:37 Horse Collar
24:09 Stone Mining
31:15 Padded Archer Armor
36:56 Imperial Age
35:21 Leather Archer Armor
35:52 Town Watch
35:55 Elite Skirmisher
39:39 Arbalester
41:55 Capped Ram
42:52 Gold Mining
44:30 Gold Shaft Mining
44:49 Bracer
46:48 Ring Archer Armor
49:16 Pikeman
49:56 Squires
Rodrigo Lao Tse
5:27 Loom
10:05 Feudal Age
15:54 Double-Bit Axe
21:03 Wheelbarrow
20:28 Stone Mining
23:10 Castle Age
23:55 Pikeman
25:08 Fletching
26:40 Bodkin Arrow
27:21 Bow Saw
29:02 Padded Archer Armor
29:26 Squires
30:51 Arson
36:24 Gold Mining
40:18 Leather Archer Armor
40:35 Yeomen
41:04 Gold Shaft Mining
43:41 Imperial Age
45:03 Cavalier
48:13 Husbandry
48:24 Scale Barding Armor
49:40 Bracer
51:15 Chain Barding Armor
Connection lost

Rejoining the realm…

Still unreachable

The connection could not be restored.

Session expired

The server has moved on; the page needs a fresh start.